AoeStats
← Jan_Rui

Black Forest

509959837Analyzed
4v4 RM · 5d ago on Sep 28, 2026· 22m 51s· 8 players
Game mode
Random Map
Map size
Large (8 player)
Population
200
Speed
Normal
Resources
Standard
Victory
Conquest
Starting age
Dark Age
Ending age
Imperial Age
RankedLock teamsTeams togetherTeam positionsShared explorationLock speedFull tech treeHidden civsTurbo modeCheats
Victory
Defeat
🇧🇪 Gurjaras · Belgium
1080
+13
🇷🇺 Burgundians · Russia
1078
+13
🇮🇹 Aztecs · Italy
962
+18
🇷🇺 Koreans · Russia
918
+20
🇦🇺 Spanish · Australia
1039
-17
🇲🇽 Bohemians · Mexico
1024
-17
🇨🇴 Ethiopians · Colombia
1012
-16
🇦🇷 Turks · Argentina
953
-14
SicariusFeroxis
12:10 Feudal Age
15:59 Castle Age
14:13 Double-Bit Axe
14:08 Horse Collar
17:59 Bow Saw
19:17 Fishing Lines
20:12 Demolition Ship
22:15 Gillnets
23:24 Wheelbarrow
Shaci
1:59 Loom
11:28 Feudal Age
17:15 Wheelbarrow
FinnMaccool
5:43 Double-Bit Axe
9:43 Horse Collar
13:14 Feudal Age
12:58 Fishing Lines
14:30 Bow Saw
17:39 Castle Age
16:24 Gold Mining
17:48 Wheelbarrow
18:03 Forging
18:02 Heavy Plow
19:19 Husbandry
20:42 Cavalier
22:13 Loom
nicneim
0:54 Loom
14:28 Feudal Age
14:54 Double-Bit Axe
21:54 Forging
21:45 Scale Mail Armor
24:19 Castle Age
Jan_Rui
13:36 Feudal Age
14:54 Wheelbarrow
18:22 Castle Age
16:58 Double-Bit Axe
18:40 Stone Mining
18:44 Gold Mining
Khan Mofeta
0:48 Loom
14:08 Feudal Age
15:05 Double-Bit Axe
19:45 Castle Age
20:46 Bow Saw
ADORNI
5:03 Loom
10:16 Feudal Age
19:05 Castle Age
17:53 Double-Bit Axe
22:52 Scale Barding Armor
23:11 Bloodlines
Rido
0:26 Loom
10:58 Feudal Age
12:31 Wheelbarrow
12:01 Double-Bit Axe
18:05 Castle Age
17:31 Scale Barding Armor
18:08 Horse Collar
18:43 Scale Barding Armor
Connection lost

Rejoining the realm…

Still unreachable

The connection could not be restored.

Session expired

The server has moved on; the page needs a fresh start.